 Dungeon Crawl Stone Soup version 0.31-a0-174-g85c54bcb58 (webtiles) character file.

Game seed: 5833281887645702049

694 dohliylev the Chopper (level 7, -2/62 HPs)
             Began as a Minotaur Berserker on June 15, 2023.
             Was a Priest of Trog.
             Slain by a mummy (4 damage)
             ... in an ossuary.
             The game lasted 00:07:11 (3411 turns).

dohliylev the Chopper (Minotaur Berserker)          Turns: 3411, Time: 00:07:13

Health: -2/62      AC: 11    Str: 24    XL:     7   Next: 37%
Magic:  6/6        EV:  9    Int:  4    God:    Trog [***...]
Gold:   203        SH:  0    Dex:  9    Spells: 6/6 levels left

rFire   . . .        a - +0 hand axe
rCold   . . .        (no shield)
rNeg    . . .        f - +0 chain mail
rPois   .            c - +2 hat
rElec   .            i - scarf {repulsion}
rCorr   .            (no gloves)
SInv    .            (no boots)
Will    ++...        p - amulet of reflection Stlth
                     (no ring)
HPRegen 1.30/turn    (no ring)
MPRegen 0.10/turn

%: repel missiles, reflection
@: confused, ambrosia-drunk, strong-willed, on berserk cooldown, regenerating,
slowed, very slow
A: horns 2, retaliatory headbutt
a: Renounce Religion, Berserk, Trog's Hand


You were in an ossuary.
You worshipped Trog.
Trog was most pleased with you.
You visited 1 branch of the dungeon, and saw 5 of its levels.
You also visited: Ossuary.

You collected 203 gold pieces.

Inventory:

Hand Weapons
 a - a +0 hand axe (weapon)
Missiles
 r - 2 javelins
Armour
 c - a +2 hat (worn)
 f - a +0 chain mail (worn)
 i - a scarf of repulsion (worn)
Jewellery
 p - an amulet of reflection (around neck)
 t - a ring of protection from cold
Wands
 n - a wand of flame (14)
 v - a wand of digging (5)
Scrolls
 b - 2 scrolls of enchant armour {unknown}
 g - 2 scrolls of amnesia {unknown}
 h - a scroll of acquirement {unknown}
 k - 2 scrolls of poison {unknown}
 m - a scroll of vulnerability {unknown}
 q - a scroll of fog {unknown}
 w - a scroll of teleportation {unknown}
Potions
 d - a potion of heal wounds {unknown}
 e - a potion of experience {unknown}
 j - 2 potions of ambrosia
 l - 4 potions of might {unknown}
 o - 2 potions of mutation {unknown}
 s - a potion of curing {unknown}
 u - 2 potions of enlightenment {unknown}


   Skills:
 + Level 5.8 Fighting
 + Level 7.3 Axes
 + Level 5.0 Armour
 + Level 3.3 Dodging
 + Level 0.3 Stealth
 + Level 1.6 Shields


You had 6 spell levels left.
You didn't know any spells.
Your spell library was empty.

Dungeon Overview and Level Annotations

Branches:
Dungeon (5/15)            Ossuary (1/1)
 Temple: D:4-7

Altars:
Makhleb
Trog

Shops:
D:2 [   D:4 :

Annotations:
D:4 2 transporters


Innate Abilities, Weirdness & Mutations

You have a pair of horns on your head.
You reflexively headbutt those who attack you in melee.


Message History

You feel strong-willed. The centaur zombie barely misses you.
You furiously retaliate!
You headbutt the centaur zombie!
The centaur zombie kicks you but does no damage.
The centaur zombie closely misses you.
The centaur zombie completely misses you.
The bog mummy points at you and mumbles some strange words.
The puff of frost is repelled.
You block the centaur zombie's attack.
The centaur zombie kicks you but does no damage.
You hit the centaur zombie.
The centaur zombie is moderately damaged.
The centaur zombie hits you.
The centaur zombie kicks you but does no damage.
The centaur zombie hits you. You block the centaur zombie's attack.
You slash the centaur zombie! You headbutt the centaur zombie!
You destroy the centaur zombie!
Trog accepts your kill.
A bullfrog zombie comes into view.
Your Shields skill increases to level 1!
You hit the bog mummy but do no damage. Your headbutt misses the bog mummy.
You hit the bog mummy but do no damage. You closely miss the mummy.
The bog mummy hits you! The mummy hits you!
You slash the bog mummy!
You headbutt the bog mummy, but do no damage.
The bog mummy is severely damaged.
You barely miss the mummy. The bog mummy hits you!
* * * LOW HITPOINT WARNING * * *
The mummy hits you!
* * * LOW HITPOINT WARNING * * *
A mummy breaks down the door.
A killer bee zombie comes into view.
Okay, then.
It was a potion of ambrosia.
You are confused.
You feel invigorated. The killer bee zombie hits you.
* * * LOW HITPOINT WARNING * * *
The bog mummy hits you but does no damage.
The mummy hits you.
You die...

##### ### #..∩#
..# #.∩.# M.#
#...# ..#
#.##'##+##'##~#
+.....ZM@MM...+
#+#+#+#+#Z#'#+#
.# # ##


You could see 2 mummies, a bog mummy, a bullfrog zombie and a killer bee zombie.

Vanquished Creatures
  Sigmund (D:3)
  A scorpion (D:4)
  2 howler monkeys
  3 centaur zombies (Ossuary)
  A jelly (D:4)
  A sleepcap (D:2)
  An orc wizard (D:4)
  4 mummies (Ossuary)
  A howler monkey zombie (Ossuary)
  4 gnolls (D:3)
  3 adders
  A worm (D:2)
  2 dart slugs
  5 orcs (D:4)
  3 ball pythons
  5 endoplasms
  3 giant cockroaches (D:4)
  9 goblins
  8 hobgoblins
  7 jackals
  6 kobolds
  5 quokkas
  A bat (D:2)
  A frilled lizard (D:1)
  8 rats
86 creatures vanquished.

Notes
Turn   | Place    | Note
-------+----------+-------------------------------------------
     0 | D:1      | dohliylev the Minotaur Berserker began the quest for the
                  | Orb.
     0 | D:1      | Reached XP level 1. HP: 19/19 MP: 0/0
   179 | D:1      | Reached XP level 2. HP: 8/27 MP: 1/1
   326 | D:1      | Reached skill level 4 in Axes
   884 | D:2      | Reached XP level 3. HP: 33/33 MP: 2/2
   909 | D:2      | Found a faded altar of an unknown god.
   978 | D:2      | Reached ** piety under Trog
  1023 | D:2      | Found Vayjaloa's Antique Armour Boutique.
  1091 | D:2      | Reached XP level 4. HP: 26/40 MP: 3/3
  1558 | D:3      | Noticed Sigmund
  1579 | D:3      | Killed Sigmund
  1580 | D:3      | Reached skill level 5 in Axes
  1580 | D:3      | Reached XP level 5. HP: 25/47 MP: 4/4
  1753 | D:3      | Reached XP level 6. HP: 55/55 MP: 5/5
  1757 | D:3      | Reached skill level 5 in Fighting
  1971 | D:3      | Reached skill level 6 in Axes
  2746 | D:4      | Found Pagei's Self-Improvement Boutique.
  2935 | D:4      | Reached XP level 7. HP: 61/61 MP: 6/6
  2955 | D:4      | Found a transporter.
  2955 | D:4      | Found a bloodstained altar of Trog.
  2955 | D:4      | Found a burning altar of Makhleb.
  2970 | D:4      | Found a transporter.
  3258 | D:5      | Entered Level 5 of the Dungeon
  3358 | D:5      | Found a sand-covered staircase.
  3363 | Ossuary  | Entered an ossuary
  3395 | Ossuary  | Reached skill level 7 in Axes
  3397 | Ossuary  | Reached *** piety under Trog
  3400 | Ossuary  | Reached skill level 5 in Armour
  3408 | Ossuary  | Reached skill level 1 in Shields
  3410 | Ossuary  | HP: 2/62 [mummy (8)]
  3411 | Ossuary  | Slain by a mummy

Illustrated notes

Levels and vault maps discovered:
D:1:      scummos_arrival_forest, layout_loops_ring,
          hangedman_abyss_or_decor_stabs
D:2:      layout_loops_ring, hellmonk_ecumenical_altar_dog_temple, serial_shops,
          shop
D:3:      cheibrodos_old_hovel, layout_basic, uniq_sigmund
D:4:      layout_loops_cross, gammafunk_temple_overflow_arena,
          nicolae_shop_self_help
D:5:      layout_cave_pods, mainiacjoe_overflow_catwalk,
          mainiacjoe_overflow_two_lobes, minmay_temple_entry_sparse_star,
          enter_ossuary_5
Ossuary:  ossuary_zaba_flooded

Skill      XL: |  1  2  3  4  5  6  7 |
---------------+----------------------+-----
Axes           | 4 5 6 7 |  7.3
Fighting       | 4 5 |  5.8
Armour         | 3 4 5 |  5.0
Dodging        | 3 |  3.3
Shields        | 1 |  1.6
Stealth        | |  0.3

Action                     |  1- 3 |  4- 6 |  7- 9 || total
---------------------------+-------+-------+-------++-------
  Melee: Hand axe          |    74 |   120 |    43 ||   237
         Headbutt          |     7 |     7 |     8 ||    22
 Invoke: Berserk           |     1 |     2 |     1 ||     4
         Trog's Hand       |       |       |     1 ||     1
    Use: Potion            |       |       |     1 ||     1
 Armour: Animal skin       |     6 |       |       ||     6
         Chain mail        |    25 |    66 |    15 ||   106
  Dodge: Dodged            |    46 |    43 |    17 ||   106
         Repelled          |       |     2 |     2 ||     4
  Block: Other             |       |    14 |     8 ||    22
         Reflection        |       |     2 |       ||     2

Table legend: (Time is in decaauts)
 A = Elapsed time spent in this place.
 B = Non-inter-level travel time spent in this place.
 C = Inter-level travel time spent in this place.
 D = Time resting spent in this place.
 E = Time spent auto-exploring this place.
 F = Levels seen in this place.
 G = Mean time per level.
                   A        B        C        D        E       F      G
               +--------+--------+--------+--------+--------+-----+--------+
         Total |   3455 |   3386 |     69 |    310 |   2250 |   6 |  575.8 |
       Dungeon |   3403 |   3334 |     69 |    310 |   2247 |   5 |  680.6 |
       Ossuary |     51 |     51 |      0 |      0 |      3 |   1 |   51.0 |
               +--------+--------+--------+--------+--------+-----+--------+

Top non-repeatable levels by time:
     D:3: 1081 daAuts
     D:1: 848 daAuts
     D:4: 689 daAuts
     D:2: 679 daAuts
     D:5: 104 daAuts
 Ossuary: 51 daAuts
